 Dungeon Crawl Stone Soup version 0.20.1-1-g8b1a95d (webtiles) character file.

55 jmlagarto the Sneak (level 3, 0/14 HPs)
             Began as a Felid Venom Mage on Sept 4, 2017.
             Succumbed to an adder's poison
             ... on level 2 of the Dungeon.
             The game lasted 00:10:01 (2105 turns).

jmlagarto the Sneak (Felid Venom Mage)              Turns: 2105, Time: 00:10:01

Health: 0/14       AC:  1    Str:  4    XL:     3   Next: 67%
Magic:  3/7        EV: 18    Int: 17    God:
Gold:   71         SH:  0    Dex: 16    Spells: 3/6 levels left
                                        Lives:  0   Deaths: 0

rFire    . . .     SeeInvis +     - Unarmed
rCold    . . .     Gourm    .   (shield unavailable)
rNeg     . . .     Faith    .   (armour unavailable)
rPois    .         Spirit   .   (helmet unavailable)
rElec    .         Reflect  .   (cloak unavailable)
rCorr    .         Harm     .   (gloves unavailable)
MR       .....                  (boots unavailable)
Stlth    +++.......             (no amulet)
Regen    0.1/turn               (no ring)
MPRegen  0.1/turn               (no ring)

@: lethally poisoned (0 -> -9), very slightly contaminated, invisible, quick
A: no armour, no weapons or thrown items, stealth, claws 1, fangs 3, see
invisible, carnivore 3, speed 1, shaggy fur 1, slow metabolism 1, sharp paws
a: no special abilities


You were on level 2 of the Dungeon.
You were completely stuffed.

You visited 1 branch of the dungeon, and saw 2 of its levels.

You collected 71 gold pieces.

Inventory:

Scrolls
 c - a scroll of immolation {unknown}
 d - 2 scrolls of teleportation {unknown}
 e - 4 scrolls of remove curse {unknown}
 f - 2 scrolls of identify {unknown}
 h - 2 scrolls of enchant armour {unknown}
 i - a scroll of fog {unknown}
Books
 a - a Young Poisoner's Handbook

   Spells                             Type                      Level
   a - Sting                          Conjuration/Poison           1
   b - Poisonous Vapours              Poison/Air                   2
   c - Mephitic Cloud                 Conjuration/Poison/Air       3
   d - Olgreb's Toxic Radiance        Poison                       4
   e - Venom Bolt                     Conjuration/Poison           5
Comestibles
 b - a meat ration
 j - a royal jelly


   Skills:
 + Level 3.1 Dodging
 + Level 3.7 Stealth
 + Level 1.0 Unarmed Combat
 + Level 2.2 Spellcasting
 + Level 1.1 Conjurations
 + Level 3.2 Poison Magic


You had 3 spell levels left.
You knew the following spells:

 Your Spells              Type           Power        Failure   Level  Hunger
a - Sting                 Conj/Pois      #...         8%          1    #......
b - Poisonous Vapours     Pois/Air       #.....       14%         2    ###....


Dungeon Overview and Level Annotations

Branches:
Dungeon (2/15)

Altars:


Innate Abilities, Weirdness & Mutations

You cannot wear armour.
You are incapable of wielding weapons or throwing items.
Your paws allow you to move quietly. (Stealth)
You have sharp claws.
You have razor-sharp teeth.
You have supernaturally acute eyesight. (SInv)
You are carnivorous and can eat meat at any time.
You cover ground quickly.
You are covered in fur. (AC +1)
You have a slow metabolism.
Your sharp claws are effective at attacking unaware monsters.


Message History

The sting hits the adder.
The adder appears unharmed.
The adder is heavily wounded.
You feel sick. The adder misses you.
Casting: Sting
Confirm with . or Enter, or press ? or * to list all spells.
Aiming: Sting
Press: ? - help, Shift-Dir - straight line, f/p - adder
Aim: an adder (heavily wounded)
The sting hits the adder.
The adder is heavily wounded.
* * * LOW HITPOINT WARNING * * *
You feel sick. The adder completely misses you. The adder bites you.
* * * LOW HITPOINT WARNING * * *
You are more poisoned.
The adder poisons you!
It was a potion of invisibility.
You fade into invisibility!
The adder closely misses you.
You are very lightly contaminated with residual magic.
You die...

##.#####.##########
#.#......# #
##.####### # #.# #
#.# #### #.# ###...
#.# ....[.. #.#
####... #@# ##.##
#.#### #...# #.S..#
...... ####.#
.#...# #.# ##...
#.# #.##
#[#####.#.# #.
#.........# #.
######...... #.


You could see an adder.

Vanquished Creatures
  3 worms (D:2)
  3 dart slugs
  8 bats
  A giant cockroach (D:2)
  4 hobgoblins
  2 frilled lizards
  8 goblins
  4 kobolds
  9 rats
42 creatures vanquished.

Notes
Turn   | Place    | Note
-------+----------+-------------------------------------------
     0 | D:1      | jmlagarto the Felid Venom Mage began the quest for the Orb.
     0 | D:1      | Reached XP level 1. HP: 7/7 MP: 4/4
   429 | D:1      | Reached XP level 2. HP: 6/11 MP: 3/6
  1389 | D:1      | Learned a level 2 spell: Poisonous Vapours
  1396 | D:2      | Reached XP level 3. HP: 14/14 MP: 4/7
  1549 | D:2      | Reached skill level 1 in Unarmed Combat
  1644 | D:2      | Reached skill level 1 in Conjurations
  2105 | D:2      | Succumbed to an adder's poison

Skill      XL: |  1  2  3 |
---------------+----------+-----
Poison Magic   | 3 |  3.2
Stealth        | 3 |  3.7
Dodging        | 3 |  3.1
Unarmed Combat | 1 |  1.0
Conjurations   | 1 |  1.1
Spellcasting   | |  2.2

Action                   || total
-------------------------++-------
Melee: Unarmed           ||    40
       Bite              ||     4
       Punch             ||     1
 Cast: Sting             ||    49
       Poisonous Vapours ||     8
  Use: Potion            ||     1
 Stab: Sleeping          ||    14
  Eat: Chunk             ||    11
Armor: Skin              ||     5
Dodge: Dodged            ||    40
